 Dungeon Crawl Stone Soup version 0.30-b1-2-g02819fbbbe (webtiles) character file.

Game seed: 17217612726794898402

714 LLlMATKO the Trooper (level 7, 0/63 HPs)
             Began as a Minotaur Berserker on Aug 10, 2023.
             Was a Believer of Trog.
             Slain by an orc priest
             ... wielding a +0 flail
              (4 damage)
             ... on level 5 of the Dungeon.
             The game lasted 00:02:57 (3474 turns).

LLlMATKO the Trooper (Minotaur Berserker)           Turns: 3474, Time: 00:02:58

Health: 0/63       AC: 12    Str: 23    XL:     7   Next: 41%
Magic:  6/6        EV:  8    Int:  4    God:    Trog [**....]
Gold:   189        SH:  0    Dex: 10    Spells: 6/6 levels left

rFire   + . .        a - +1 hand axe (vamp)
rCold   . . .        (no shield)
rNeg    . . .        f - +0 plate armour
rPois   +            (helmet restricted)
rElec   .            (no cloak)
rCorr   .            (no gloves)
SInv    .            (no boots)
Will    .....        (no amulet) Stlth
                     h - ring of poison resistance
HPRegen 0.30/turn    q - ring of protection from fire
MPRegen 0.10/turn

%: no passive effects
@: on berserk cooldown, slowed, very slow
A: horns 2, retaliatory headbutt
a: Renounce Religion, Berserk, Trog's Hand


You were on level 5 of the Dungeon.
You worshipped Trog.
Trog was pleased with you.
You visited 1 branch of the dungeon, and saw 5 of its levels.

You collected 189 gold pieces.

Inventory:

Hand Weapons
 a - a +1 vampiric hand axe (weapon)
Missiles
 x - 11 poisoned darts (quivered)
Armour
 f - a +0 plate armour (worn)
Jewellery
 h - a ring of poison resistance (left hand)
 q - a ring of protection from fire (right hand)
 z - an amulet of regeneration
Scrolls
 b - 3 scrolls of identify
 d - a scroll of teleportation
 k - a scroll of fog
 n - 2 scrolls of brand weapon
 u - a scroll of enchant weapon
 v - a scroll of magic mapping
Potions
 e - 2 potions of might {unknown}
 g - 2 potions of lignification {unknown}
 j - a potion of ambrosia {unknown}
 l - 4 potions of curing
 m - 2 potions of degeneration {unknown}
 o - 3 potions of attraction {unknown}
 p - a potion of brilliance {unknown}
 r - 2 potions of heal wounds {unknown}
 s - 2 potions of flight {unknown}
 w - a potion of mutation {unknown}


   Skills:
 + Level 6.1 Fighting
 + Level 6.0 Axes
 + Level 5.4 Armour
 + Level 4.9 Dodging


You had 6 spell levels left.
You didn't know any spells.
Your spell library was empty.

Dungeon Overview and Level Annotations

Branches:
Dungeon (5/15)
 Temple: D:4-7

Altars:
Dithmenos

Annotations:
D:3 1 runed translucent door, Manslay's ghost, amateur OpCj


Innate Abilities, Weirdness & Mutations

You have a pair of horns on your head.
You reflexively headbutt those who attack you in melee.


Message History

The gnoll sergeant hits you but does no damage.
The orc priest closely misses you.
The gnoll sergeant hits you but does no damage.
The orc priest hits you but does no damage.
The gnoll sergeant hits you but does no damage.
The orc priest calls down the wrath of Beogh upon you.
Pain shoots through your body! The gnoll hits you but does no damage.
The gnoll sergeant barely misses you.
The orc priest mumbles some strange prayers to Beogh against you.
Pain shoots through your body! The gnoll barely misses you.
You furiously retaliate!
You headbutt the gnoll!
The gnoll sergeant hits you but does no damage.
The dart slug launches a dart at you. The slug dart hits you.
* * * LOW HITPOINT WARNING * * *
The dart slug launches a dart at you.
The slug dart hits you but does no damage.
Unknown command.
The gnoll sergeant hits you from afar with a +0 spear.
* * * LOW HITPOINT WARNING * * *
The gnoll completely misses you.
Unknown command.
The gnoll closely misses you. You furiously retaliate!
You headbutt the gnoll!
You kill the gnoll!
Trog accepts your kill.
The gnoll sergeant hits you but does no damage.
The orc priest calls down the wrath of Beogh upon you.
Pain shoots through your body!
* * * LOW HITPOINT WARNING * * *
Okay, then.
The orc priest looks braver for a moment.
The dart slug briefly extends its eye-stalks.
There is a stone staircase leading up here.
Unknown command.
The gnoll sergeant hits you from afar with a +0 spear.
* * * LOW HITPOINT WARNING * * *
The gnoll sergeant hits you from afar with a +0 spear!
* * * LOW HITPOINT WARNING * * *
The orc priest hits you with a +0 flail.
You die...

<,,,,,,,,,***,**,,,,,,,*
,,,,,,,,,,***,*#.#****,*
,,,,,.....,,,,*#.# *,*
**,,,......,,**#.# *,*
,,,.........** #.# *,*
**,........#* #.# *,*
**,,.......#####.### *,*
,,.,...##.....g....# *,*
,,..,,#.......wo@..# *,*
,,...<#.......)....#**,*
,,....#............#<*,*
,,..........########,*,*
,,......).....# *,*,*
,,......))).#.# *,*,*
,,.......)###.# *,*,*
,,........#**,# *,*,*
,,.........,,,* *,*,*


You could see a gnoll sergeant, an orc priest and a dart slug.

Vanquished Creatures
  Sigmund (D:4)
  A water moccasin (D:4)
  Blork the orc (D:5)
  A scorpion (D:4)
  2 hounds
  2 iguanas (D:4)
  3 orc wizards
  3 gnolls (D:5)
  3 adders
  3 worms
  3 orcs
  9 bats
  4 endoplasms
  A giant cockroach (D:3)
  7 hobgoblins
  4 jackals (D:2)
  7 kobolds
  4 quokkas
  7 ball pythons
  5 frilled lizards
  5 goblins
  A rat (D:1)
77 creatures vanquished.

Notes
Turn   | Place    | Note
-------+----------+-------------------------------------------
     0 | D:1      | LLlMATKO the Minotaur Berserker began the quest for the
                  | Orb.
     0 | D:1      | Reached XP level 1. HP: 19/19 MP: 0/0
   134 | D:1      | Reached XP level 2. HP: 25/27 MP: 1/1
   139 | D:1      | Found a faded altar of an unknown god.
   855 | D:2      | Reached XP level 3. HP: 33/33 MP: 2/2
  1108 | D:2      | Reached ** piety under Trog
  1661 | D:3      | Found a shadowy altar of Dithmenos.
  1733 | D:3      | Reached XP level 4. HP: 41/41 MP: 3/3
  1881 | D:3      | Noticed Manslay's ghost (amateur OpCj)
  1893 | D:3      | Found a runed translucent door.
  2025 | D:3      | Reached XP level 5. HP: 40/47 MP: 4/4
  2645 | D:4      | Noticed Sigmund
  2658 | D:4      | Killed Sigmund
  2659 | D:4      | Reached skill level 5 in Fighting
  2659 | D:4      | Reached skill level 5 in Axes
  2659 | D:4      | Reached XP level 6. HP: 56/56 MP: 5/5
  2718 | D:4      | Noticed a water moccasin
  2724 | D:4      | Killed a water moccasin
  3057 | D:4      | Reached skill level 5 in Armour
  3080 | D:4      | Reached XP level 7. HP: 62/62 MP: 6/6
  3408 | D:5      | Entered Level 5 of the Dungeon
  3444 | D:5      | Noticed Blork the orc
  3463 | D:5      | Killed Blork the orc
  3474 | D:5      | Slain by an orc priest

Illustrated notes

Levels and vault maps discovered:
D:1:      saegor_arrival_miasma, layout_basic,
          hellmonk_ecumenical_altar_prayer_group
D:2:      layout_loops_ring, grunt_ministairs_6, kennysheep_potato
D:3:      layout_basic, grunt_dithmenos_smoke, hellmonk_ghost_happy_afterlife
D:4:      layout_basic, uniq_sigmund
D:5:      layout_basic, lemuel_crystal_altar, gup_sewer_entry_bubbles,
          chequers_serial_rivers_large_b, grunt_decor_resistance,
          uniq_blork_the_orc

Skill      XL: |  1  2  3  4  5  6  7 |
---------------+----------------------+-----
Fighting       | 4 5 6 |  6.1
Axes           | 4 5 6 |  6.0
Armour         | 3 4 5 |  5.4
Dodging        | 3 4 |  4.9

Action                     |  1- 3 |  4- 6 |  7- 9 || total
---------------------------+-------+-------+-------++-------
  Melee: Hand axe          |   111 |    75 |    17 ||   203
         Headbutt          |    15 |    10 |     3 ||    28
         Punch             |     1 |     4 |       ||     5
 Invoke: Berserk           |     1 |     2 |     1 ||     4
    Use: Scroll            |       |       |    11 ||    11
 Armour: Plate armour      |    73 |    53 |    32 ||   158
         Animal skin       |     1 |       |       ||     1
  Dodge: Dodged            |    46 |    18 |    18 ||    82
